 Dungeon Crawl Stone Soup version 0.20.0-10-g0535bb4 (webtiles) character file.

15 sagitran the Sneak (level 2, 0/13 HPs)
             Began as a Vine Stalker Enchanter on June 7, 2017.
             Slain by a jackal (1 damage)
             ... on level 1 of the Dungeon.
             The game lasted 00:11:31 (590 turns).

sagitran the Sneak (Vine Stalker Enchanter)          Turns: 590, Time: 00:11:32

Health: 0/13       AC:  3    Str: 10    XL:     2   Next: 50%
Magic:  0/6        EV: 12    Int: 17    God:
Gold:   13         SH:  0    Dex: 14    Spells: 4/5 levels left

rFire    . . .     SeeInvis .   a - +1 dagger
rCold    . . .     Gourm    .   (no shield)
rNeg     . . .     Faith    .   b - +0 robe
rPois    +         Spirit   +   (no helmet)
rElec    .         Reflect  .   (no cloak)
rCorr    .         Harm     .   (no gloves)
MR       .....                  (no boots)
Stlth    +++.......             (no amulet)
Regen    0.1/turn               (no ring)
MPRegen  0.1/turn               (no ring)

@: no status effects
A: fangs 2, rugged brown scales 1, clever 1, poison resistance, magic shield,
antimagic bite, no potion heal 3, rot immunity
a: no special abilities


You were on level 1 of the Dungeon.
You were not hungry.

You visited 1 branch of the dungeon, and saw 1 of its levels.

You collected 13 gold pieces.

Inventory:

Hand Weapons
 a - a +1 dagger (weapon)
Missiles
 h - a stone (quivered)
Armour
 b - a +0 robe (worn)
Scrolls
 g - a scroll of identify
Potions
 f - a potion of degeneration {unknown}
 i - a potion of curing {unknown}
Books
 c - a book of Maledictions

   Spells                             Type                      Level
   a - Corona                         Hexes                        1
   b - Ensorcelled Hibernation        Hexes/Ice                    2
   c - Confuse                        Hexes                        3
   d - Tukima's Dance                 Hexes                        3
   e - Dazzling Spray                 Conjuration/Hexes            3
Comestibles
 d - a bread ration


   Skills:
 + Level 0.8 Short Blades
 + Level 1.6 Dodging
 + Level 4.1 Stealth
 + Level 2.3 Spellcasting
 + Level 3.3 Hexes


You had 4 spell levels left.
You knew the following spells:

 Your Spells              Type           Power        Failure   Level  Hunger
a - Corona                Hex            ##.....      4%          1    #......


Dungeon Overview and Level Annotations

Branches:
Dungeon (1/15)

Altars:


Innate Abilities, Weirdness & Mutations

You have extremely sharp teeth.
When hurt, damage is shared between your health and your magic reserves.
Your bite disrupts and absorbs the magic of your enemies.
Potions cannot restore your health.
You are immune to rotting.
You are partially covered in rugged brown scales. (AC +1, +3% HP)
Your mind is acute. (Int +2)
Your system is resistant to poisons. (rPois)


Message History

* * * LOW HITPOINT WARNING * * *
You feel extremely strange.
Rugged brown scales grow over part of your body.
You feel resistant to poisons.
You feel clever.
The jackal closely misses you. x2; The jackal bites you.
You completely miss the jackal.
The jackal is heavily wounded.
The jackal closely misses you. The jackal barely misses you.
The jackal bites you but does no damage. x2
You barely miss the jackal. Your bite misses the jackal.
The jackal is heavily wounded.
The jackal bites you.
* * * LOW HITPOINT WARNING * * *
The jackal bites you.
* * * LOW HITPOINT WARNING * * *
You barely miss the jackal. You bite the jackal, but do no damage.
The jackal barely misses you.
The jackal bites you but does no damage. x2
The jackal bites you.
You die...

######.# #.#
#...##.# #.# ...#
'.<.##.# #.# ...#
#...##.#. #.#
....# ##### #.
####'##....# ## #.
#..........# .#
#.####..........#
.#
#......†h....####
.#
#...†...h@.....#
.#
#.....###+##...#
.#
#...).###+##.†.#
.#
#..#...........#
.#
#..#.......†...#
#.# ##
....#...........#
#.#
.###.#.####'######
#.# # ....# #.#
#.# ....# #.# #.#


You could see 2 jackals.

Vanquished Creatures
  A hobgoblin (D:1)
  4 jackals (D:1)
  3 kobolds (D:1)
  A ball python (D:1)
  A bat (D:1)
  2 frilled lizards (D:1)
  3 rats (D:1)
15 creatures vanquished.

Notes
Turn   | Place    | Note
-------+----------+-------------------------------------------
     0 | D:1      | sagitran the Vine Stalker Enchanter began the quest for the Orb.
     0 | D:1      | Reached XP level 1. HP: 9/9 MP: 4/4
   468 | D:1      | Reached XP level 2. HP: 4/13 MP: 1/6
   546 | D:1      | Reached skill level 4 in Stealth
   585 | D:1      | Gained mutation: You are partially covered in rugged brown scales. (AC +1, +3% HP) [potion of mutation]
   585 | D:1      | Gained mutation: Your system is resistant to poisons. (rPois) [potion of mutation]
   585 | D:1      | Gained mutation: Your mind is acute. (Int +2) [potion of mutation]
   590 | D:1      | Slain by a jackal

Skill      XL: |  1  2 |
---------------+-------+-----
Stealth        | 4 |  4.1
Short Blades   | |  0.8
Dodging        | |  1.6
Spellcasting   | |  2.3
Hexes          | |  3.3

Action                   || total
-------------------------++-------
Melee: Dagger            ||    52
       Bite              ||    10
  Use: Potion            ||     2
       Scroll            ||     1
 Stab: Sleeping          ||     2
       Distracted        ||     2
Armor: Robe              ||    13
Dodge: Dodged            ||    39
